 Dungeon Crawl Stone Soup version 0.25-a0-578-gc91f01c39c (webtiles) character file.

Game seed: 13480919462609791954, levelgen mode: classic

210029 EnegeticOcto the Champion of Chaos (level 17, -1/153 HPs)
             Began as a Deep Dwarf Fighter on Mar 3, 2020.
             Was the Champion of Makhleb.
             Slain by a titan (15 damage)
             ... on level 5 of the Vaults.
             The game lasted 00:14:31 (13543 turns).

EnegeticOcto the Champion of Chaos (DDFi)          Turns: 13543, Time: 00:14:32

Health: -1/153     AC: 31    Str: 30    XL:     17   Next: 69%
Magic:  26/26 (17) EV:  6    Int:  5    God:    Makhleb [******]
Gold:   2703       SH: 16    Dex: 13    Spells: 16/16 levels left

rFire    + + .     SeeInvis .   a - +7 broad axe (flame)
rCold    + + +     Gourm    .   K - +2 kite shield {reflect}
rNeg     + + .     Faith    .   F - +4 gold dragon scales
rPois    +         Spirit   .   i - +1 helmet
rElec    .         Reflect  +   n - +0 cloak
rCorr    .         Harm     .   D - +2 pair of gloves of the Assorted Dreams {Int-5 Dex+4}
MR       ++...                  (no boots)
Stlth    ..........             (no amulet)
HPRegen  0.00/turn              b - ring "Qadoomes" {rF+ MP+9 Str+4 Dex-5}
MPRegen  0.20/turn              N - ring "Purung" {*Drain rPois rC+++ rN+ Slay+5}

@: non-regenerating
A: damage resistance, heal wounds, thin skeletal structure 1, frail 1, negative
energy resistance 1, sense surroundings 2, subdued magic 1, no regeneration
}: 2/15 runes: decaying, gossamer
a: Heal Wounds, Minor Destruction, Lesser Servant of Makhleb, Major Destruction,
Greater Servant of Makhleb, Renounce Religion


You were on level 5 of the Vaults.
You worshipped Makhleb.
Makhleb was exalted by your worship.
You were very full.

You visited 5 branches of the dungeon, and saw 30 of its levels.
You also visited: Bailey and Ice Cave.

You collected 2955 gold pieces.
You spent 252 gold pieces at shops.

Inventory:

Hand Weapons
 a - a +7 broad axe of flaming (weapon)
 B - a +0 vampiric war axe
Missiles
 s - 2 throwing nets (quivered)
Armour
 i - a +1 helmet (worn)
 n - a +0 cloak (worn)
 D - the +2 pair of gloves of the Assorted Dreams (worn) {Int-5 Dex+4}
   (You bought it in a shop on level 4 of the Dungeon)

   It affects your intelligence (-5).
   It affects your dexterity (+4).
   If you remove this armour, your AC will decrease by 4 (31 -> 27).
 F - +4 gold dragon scales (worn)
 K - a +2 kite shield of reflection (worn)
Jewellery
 b - the ring "Qadoomes" (left hand) {rF+ MP+9 Str+4 Dex-5}
   (You found it on level 7 of the Dungeon)

   [ring of strength]

   It affects your strength (+4).
   It affects your dexterity (-5).
   It protects you from fire.
   It affects your magic capacity (+9).
 o - an uncursed ring of ice
 G - a +5 ring of intelligence
 N - the ring "Purung" (right hand) {*Drain rPois rC+++ rN+ Slay+5}
   (You acquired it on level 13 of the Dungeon)

   [ring of positive energy]

   It affects your accuracy and damage with ranged weapons and melee attacks
   (+5).
   It renders you almost immune to cold.
   It protects you from poison.
   It protects you from negative energy.
   It causes draining when unequipped.
Wands
 l - a wand of clouds (3)
 z - a wand of iceblast (9)
 A - a wand of flame (25)
 C - a wand of digging (10) {@v2}
 H - a wand of scattershot (7)
 J - a wand of polymorph (24)
Scrolls
 c - a scroll of blinking {unknown}
 d - 9 scrolls of remove curse {@r6}
 g - 2 scrolls of immolation {@r4}
 h - 4 scrolls of magic mapping {@r5}
 r - 7 scrolls of teleportation {@r2}
 t - 2 scrolls of fear
 u - 7 scrolls of identify {@r1}
 E - a scroll of fog
Potions
 f - 3 potions of brilliance
 j - 2 potions of stabbing {@q5}
 k - 7 potions of might {@q3}
 m - 3 potions of resistance {@q6}
 p - 3 potions of curing {@q1}
 q - a potion of berserk rage
 v - 2 potions of cancellation
 w - 2 potions of lignification {@q7}
 I - 5 potions of ambrosia
 M - a potion of heal wounds {@q2}
 P - a potion of haste {unknown}
Miscellaneous
 x - a phial of floods
 L - a phantom mirror
Comestibles
 e - 24 rations
 O - 12 chunks of flesh


   Skills:
 * Level 15.1 Fighting
 * Level 17.4 Axes
 + Level 13.2 Armour
 + Level 13.0 Shields
 * Level 19.2 Invocations


You had 16 spell levels left.
You didn't know any spells.
Your spell library was empty.

Dungeon Overview and Level Annotations

Branches:
Dungeon (13/15)            Temple (0/1) D:6            Lair (4/6) D:11
  Swamp (4/4) Lair:4       Spider (4/4) Lair:3          Orc (0/2) D:10
 Vaults (5/5) D:13         Bailey (visited)           IceCv (visited)
  Crypt: Vaults:2-3

Altars:
Hepliaklqana
Makhleb
Sif Muna
Xom
The Shining One

Shops:
D:4 *

Annotations:
D:5 1 runed translucent door, bmj180's ghost, novice MiFi
D:7 1 exclusion
D:8 1 exclusion
D:11 1 exclusion


Innate Abilities, Weirdness & Mutations

You are resistant to damage.
You can heal yourself by infusing magical energy.
You resist negative energy. (rN+)
You passively map the area around you.
You do not regenerate.
You have a somewhat thin skeletal structure. (Dex +2, Stealth)
You are frail. (-10% HP)
Your spells are a little easier to cast, but a little less powerful.


Message History

An ettin comes into view. It is wielding two +0 dire flails.
The ettin shouts in stereo!
You see here 4 curare-tipped darts.
An ettin is nearby!
You block the ettin's attack. The ettin hits you but does no damage.
You slice the ettin!! You burn the ettin.
The ettin is heavily wounded.
You block the ettin's attack.
The ettin hits you with a +0 dire flail!!
You slice the ettin!! You burn the ettin!
You kill the ettin!
Makhleb accepts your kill.
No target in view!
No target in view!
No target in view!
No target in view!
No target in view!
No target in view!
No target in view!
No target in view!
Things that are here:
a +0 dire flail x2
Things that are here:
a +0 dire flail x2
You see here 4 curare-tipped darts.
e - 24 rations (gained 1)
An ogre mage comes into view.
The ogre mage shouts!
An ogre mage is nearby!
You block the ogre mage's attack.
You slice the ogre mage!! You burn the ogre mage!
The ogre mage is heavily wounded.
The ogre mage points at you and mumbles some strange words.
The bolt of lightning hits you!!
You dice the ogre mage like an onion!!! You burn the ogre mage!
You kill the ogre mage!
Makhleb accepts your kill.
You feel better.
No target in view!
No target in view!
No target in view!
No target in view!
Things that are here:
a +0 robe; an ogre corpse
Things that are here:
a cursed -2 battleaxe; a +0 plate armour
Items here: )) [[ รท a +1 dire flail; a +0 plate armour; a +0 long sword of protection a +0 chain mail; a human skeleton
Things that are here:
a +0 broad axe; a +0 chain mail
Things that are here:
a +0 battleaxe; a +0 chain mail; a human skeleton The vault guard shouts!
The vault guard is too close now for your liking.
A vault guard is nearby!
A vault guard is nearby!
A titan comes into view.
The titan shouts!
A yaktaur captain comes into view.
The yaktaur captain shouts!
The vault guard hits you but does no damage.
The vault guard shouts!
You slice the vault guard!! You burn the vault guard.
The vault guard is moderately wounded.
You hear a shout!
The vault guard completely misses you.
The titan points at you and mumbles some strange words.
The bolt of lightning hits you!!!
You slash the vault guard! You burn the vault guard.
The vault guard is heavily wounded.
You slash the vault guard! You burn the vault guard.
The vault guard is severely wounded.
The vault guard hits you with a +3 war axe.
You slash the vault guard! You burn the vault guard.
The vault guard is almost dead.
You slice the titan!! You burn the titan.
You hear a shout!
You block the titan's attack.
You slice the vault guard!! You burn the vault guard.
You kill the vault guard!
Makhleb accepts your kill.
You feel better.
You slash the titan! You burn the titan. The titan casts a spell at you.
The bolt of lightning hits you!!!
The vault guard throws a stone.
The stone hits you but does no damage.
Your gold dragon scales prevents you from hitting the titan.
The titan is heavily wounded.
You hit the titan. You burn the titan.
The titan is heavily wounded.
You slice the yaktaur captain!! You burn the yaktaur captain!
The titan casts a spell.
The titan is healed somewhat.
The yaktaur captain hits you.
You are too injured to fight recklessly!
A demon appears!
The titan hits you!!
* * * LOW HITPOINT WARNING * * *
The yaktaur captain hits you.
* * * LOW HITPOINT WARNING * * *
A demon appears!
The titan hits you!
You die...

, ,* , #.)##.).##)..#...##. ,
, #.)))..##.))))..##.. , , *
##.)).##...#((.##.!) *,* ,,
,###...#...##)...##)( * ,* *
#.##.....##).....##. , *
,#..##...##.(|##.).## *#..
#....#........##.##..)..# *
,..#*#....##.22.#...###.[.#.).
,,
..##.%..##.@.##....#....##..
,#..#.pp.#.cC##...........##.
, *#...pp...pp##,..##...##..
## #####.p......##
##############
,.....p..<<..... , ,, , ....
....pp.<..<.... ....
.....p..<<..... ,, , ,....
,......p........ , ....
*#####..pp.p..## * * * * ####


You could see a titan, a yaktaur captain, 2 vault guards, a friendly balrug and
a friendly green death.

Vanquished Creatures
  3 tengu reavers (Vaults:5)
  Donald (Swamp:2)
  A fire giant (Vaults:5)
  7 vault wardens
  A deep elf sorcerer (Vaults:5)
  2 ghost moths (Spider:4)
  An orc warlord (Vaults:4)
  A deep elf elementalist (Vaults:5)
  5 emperor scorpions (Spider:4)
  15 very ugly things
  4 ironheart preservers
  2 entropy weavers
  A deep elf demonologist (Vaults:5)
  2 deep elf annihilators (Vaults:5)
  Snorg (Lair:3)
  2 deep elf death magi (Vaults:5)
  3 ettins (Vaults:5)
  3 fire dragons (Swamp:4)
  2 yaktaur captains
  10 hydras
  Fannar (Lair:3)
  19 vault guards
  A catoblepas (Lair:2)
  An ice dragon (Vaults:3)
  A shambling mangrove (Swamp:3)
  A centaur warrior (D:13)
  A deep troll shaman (Vaults:3)
  7 alligators
  20 two-headed ogres
  A deep troll earth mage (Vaults:3)
  5 ogre magi
  A fire crab (Swamp:4)
  8 deep trolls
  5 swamp dragons (Swamp:4)
  A spriggan druid (Swamp:4)
  3 orc knights
  A lindwurm (Swamp:4)
  A deep elf archer (Vaults:5)
  2 necromancers (D:13)
  3 phantasmal warriors (Vaults:5)
  5 wolf spiders
  7 orb spiders
  A deep elf mage (Vaults:5)
  7 ironbrand convokers
  A moth of wrath (Spider:2)
  A cyclops (D:13)
  9 ugly things
  4 elephants (Lair:4)
  3 ice statues (IceCv)
  Maurice (D:13)
  Psyche (D:9)
  3 vault sentinels (Vaults:3)
  3 black mambas
  9 spiny frogs
  A gargoyle (D:13)
  A molten gargoyle (Swamp:4)
  2 freezing wraiths
  3 demonic crawlers
  2 komodo dragons
  9 yaktaurs
  3 rime drakes
  3 meliai (D:13)
  13 jumping spiders
  4 trolls
  A polar bear (Lair:2)
  11 tyrant leeches
  3 hornets
  24 slime creatures
  2 blink frogs (Swamp:2)
  2 hippogriffs (Lair:3)
  A hippogriff (shapeshifter) (Vaults:4)
  23 redbacks
  2 shadows
  3 spriggans
  2 wraiths
  3 wyverns
  8 yaks
  A basilisk (shapeshifter) (Vaults:1)
  7 tarantellas
  4 vampire mosquitoes (Swamp:1)
  5 hungry ghosts
  9 swamp worms
  7 insubstantial wisps
  An acid dragon (D:13)
  7 porcupines
  A soldier ant (D:12)
  6 water moccasins
  7 swamp drakes
  18 orc warriors
  2 sky beasts
  3 black bears
  11 ice beasts
  7 phantoms
  13 ogres
  2 eyes of draining (D:13)
  9 boggarts
  6 crocodiles
  9 centaurs
  2 big kobolds
  10 bullfrogs
  A gnoll sergeant (D:6)
  A wyvern zombie (D:13)
  9 scorpions
  5 wights
  3 troll zombies (D:10)
  4 howler monkeys
  5 crimson imps
  2 bullfrog zombies
  2 centaur zombies (D:8)
  2 jellies
  9 hounds
  7 orc priests
  18 orc wizards
  2 centaur skeletons
  4 iguanas
  A human skeleton (D:7)
  12 worker ants
  5 ogre zombies (D:10)
  Robin (D:4)
  A worker ant zombie (D:7)
  8 gnolls (D:6)
  10 adders
  2 shadow imps (D:5)
  An adder zombie (D:9)
  2 adder skeletons
  2 worms
  2 leopard geckos
  65 orcs
  6 giant cockroaches
  18 goblins
  3 hobgoblins
  17 jackals
  2 quokkas
  4 ball pythons
  4 bats
  4 frilled lizards
  2 goblin skeletons (D:10)
  2 goblin zombies (D:10)
  A hobgoblin skeleton (D:10)
  A hobgoblin zombie (D:10)
  20 kobolds
  4 orc skeletons (D:10)
  15 orc zombies (D:10)
  A quokka skeleton (D:4)
  2 rats (D:2)
  10 fungi
780 creatures vanquished.

Vanquished Creatures (collateral kills)
  A tengu reaver (Vaults:5)
  2 emperor scorpions (Spider:4)
  A deep elf sorcerer (Vaults:5)
  2 ghost moths (Spider:4)
  Aizul (Swamp:2)
  An entropy weaver (Spider:4)
  2 ettins (Vaults:5)
  2 hydras
  3 vault guards (Vaults:5)
  A two-headed ogre (Vaults:5)
  An alligator (Swamp:4)
  A shadow wraith (Vaults:5)
  A fire crab (Swamp:4)
  A flayed ghost (Vaults:5)
  2 swamp dragons (Swamp:4)
  2 wolf spiders (Spider:4)
  10 slime creatures
  A spiny frog (Swamp:2)
  A jumping spider (Spider:2)
  2 hornets
  2 tyrant leeches (Swamp:4)
  2 blink frogs (Swamp:2)
  3 spriggans
  4 tarantellas
  10 redbacks (Spider:4)
  A fire elemental (Swamp:4)
  A steam dragon (Swamp:4)
  6 insubstantial wisps
  2 swamp worms (Swamp:4)
  3 swamp drakes (Swamp:4)
72 creatures vanquished.

Vanquished Creatures (others)
  2 hydras (Swamp:4)
  A yaktaur (Vaults:4)
  A slime creature (Swamp:4)
  4 swamp drakes (Swamp:4)
  6 fungi
14 creatures vanquished.

Grand Total: 866 creatures vanquished

Notes
Turn   | Place    | Note
-------+----------+-------------------------------------------
     0 | D:1      | EnegeticOcto the Deep Dwarf Fighter began the quest for the
                  | Orb.
     0 | D:1      | Reached XP level 1. HP: 20/20 MP: 1/1
    47 | D:2      | Reached XP level 2. HP: 25/27 MP: 2/2
    91 | D:2      | Reached XP level 3. HP: 29/34 MP: 3/3
   559 | D:4      | Reached XP level 4. HP: 19/42 MP: 4/4
   576 | D:4      | Noticed an ogre
   586 | D:4      | Killed an ogre
   586 | D:4      | Reached XP level 5. HP: 37/50 MP: 5/5
   624 | D:4      | Found Qimol's Assorted Antiques.
   629 | D:4      | Bought a scroll labeled GIORYX ONAOCS for 24 gold pieces
   673 | D:4      | Noticed an ogre
   687 | D:4      | Killed an ogre
   687 | D:4      | Reached XP level 6. HP: 42/57 MP: 6/6
   696 | D:4      | Gained mutation: Your body sometimes deteriorates upon
                  | taking damage. [potion of mutation]
   696 | D:4      | Gained mutation: You are weak. (Str -2) [potion of
                  | mutation]
   696 | D:4      | Gained mutation: You can translocate small distances at
                  | will. [potion of mutation]
   746 | D:4      | Noticed Robin
   777 | D:4      | Killed Robin
  1101 | D:4      | Reached skill level 5 in Axes
  1101 | D:4      | Reached XP level 7. HP: 34/66 MP: 7/7
  1274 | D:5      | Entered Level 5 of the Dungeon
  1338 | D:5      | Reached skill level 5 in Fighting
  1341 | D:5      | Reached skill level 5 in Armour
  1403 | D:5      | Reached skill level 5 in Shields
  1547 | D:5      | Found a burning altar of Makhleb.
  1556 | D:5      | Became a worshipper of Makhleb the Destroyer
  1651 | D:5      | Found a runed translucent door.
  1651 | D:5      | Noticed bmj180's ghost (novice MiFi)
  1665 | D:5      | Reached skill level 1 in Invocations
  1665 | D:5      | Reached XP level 8. HP: 65/75 MP: 5/5
  2068 | D:6      | Reached skill level 2 in Invocations
  2231 | D:6      | Reached skill level 3 in Invocations
  2331 | D:6      | Found a staircase to the Ecumenical Temple.
  2562 | D:6      | Reached * piety under Makhleb
  2769 | D:6      | Reached skill level 4 in Invocations
  3013 | D:7      | Lost mutation: You are weak. (Str -2) [potion of mutation]
  3013 | D:7      | Lost mutation: You can translocate small distances at will.
                  | [potion of mutation]
  3013 | D:7      | Lost mutation: Your body sometimes deteriorates upon taking
                  | damage. [potion of mutation]
  3013 | D:7      | Gained mutation: You are frail. (-10% HP) [potion of
                  | mutation]
  3013 | D:7      | Gained mutation: Your spells are a little easier to cast,
                  | but a little less powerful. [potion of mutation]
  3013 | D:7      | Gained mutation: You have a somewhat thin skeletal
                  | structure. (Dex +2, Stealth) [potion of mutation]
  3073 | D:7      | Gained mutation: You passively map the area around you.
                  | [Deep Dwarf growth]
  3073 | D:7      | Reached XP level 9. HP: 76/76 MP: 9/9
  3140 | D:7      | Reached skill level 5 in Invocations
  3421 | D:7      | Reached ** piety under Makhleb
  3478 | D:7      | Reached skill level 6 in Invocations
  3574 | D:7      | Got a coiled ivory ring
  3752 | D:7      | Identified the ring "Qadoomes" {rF+ MP+9 Str+4 Dex-5} (You
                  | found it on level 7 of the Dungeon)
  3871 | D:8      | Found a shimmering altar of Xom.
  3908 | D:8      | Reached skill level 7 in Invocations
  4041 | D:8      | Reached XP level 10. HP: 84/84 MP: 12/12
  4206 | D:8      | Reached *** piety under Makhleb
  4351 | D:8      | Identified a scroll of acquirement
  4798 | D:4      | Bought a pair of ancient gloves for 228 gold pieces
  4798 | D:4      | Identified the +2 pair of gloves of the Assorted Dreams
                  | {Int-5 Dex+4} (You bought it in a shop on level 4 of the
                  | Dungeon)
  4863 | D:9      | Noticed Psyche
  4873 | D:9      | Killed Psyche
  4873 | D:9      | Reached skill level 8 in Invocations
  5041 | D:9      | Found a shimmering blue altar of Sif Muna.
  5139 | D:9      | Found a glowing golden altar of the Shining One.
  5603 | D:10     | Entered Level 10 of the Dungeon
  6059 | D:10     | Reached **** piety under Makhleb
  6077 | D:10     | Found a staircase to the Orcish Mines.
  6157 | D:10     | Reached skill level 9 in Invocations
  6498 | D:11     | Noticed a six-headed hydra
  6507 | D:11     | Reached skill level 10 in Axes
  6511 | D:11     | Killed a one-headed hydra
  6511 | D:11     | Reached XP level 11. HP: 47/93 MP: 15/15
  6552 | D:11     | Found a flagged portal.
  6563 | Bailey   | Entered a bailey
  6646 | Bailey   | Reached ***** piety under Makhleb
  6710 | Bailey   | Noticed an orc knight
  6886 | D:11     | Noticed a two-headed ogre
  6887 | D:11     | Noticed a white ugly thing
  6892 | D:11     | Killed a white ugly thing
  6892 | D:11     | Killed a two-headed ogre
  6952 | D:11     | Found a staircase to the Lair.
  6965 | Lair:1   | Entered Level 1 of the Lair of Beasts
  6979 | Lair:1   | Reached skill level 10 in Invocations
  7254 | Lair:2   | Noticed a seven-headed hydra
  7263 | Lair:2   | Killed a two-headed hydra
  7564 | Lair:2   | Noticed a catoblepas
  7574 | Lair:2   | Killed a catoblepas
  7650 | Lair:2   | Reached skill level 11 in Invocations
  8098 | Lair:3   | Noticed a six-headed hydra
  8107 | Lair:3   | Killed a two-headed hydra
  8107 | Lair:3   | Reached XP level 12. HP: 104/104 MP: 13/13
  8153 | Lair:3   | Reached skill level 10 in Fighting
  8227 | Lair:3   | Noticed Fannar
  8234 | Lair:3   | Killed Fannar
  8518 | Lair:3   | Found a hole to the Spider Nest.
  8520 | Lair:3   | Noticed Snorg
  8537 | Lair:3   | Killed Snorg
  8747 | Lair:3   | Reached skill level 12 in Invocations
  9085 | Lair:4   | Found a staircase to the Swamp.
  9107 | Lair:4   | Noticed an eight-headed hydra
  9115 | Lair:4   | Killed a four-headed hydra
  9745 | Swamp:1  | Entered Level 1 of the Swamp
  9745 | Swamp:1  | Noticed an alligator
  9754 | Swamp:1  | Killed an alligator
  9881 | Swamp:1  | Reached XP level 13. HP: 113/113 MP: 15/15
  9901 | Swamp:1  | Reached skill level 13 in Invocations
  9934 | Swamp:1  | Reached ****** piety under Makhleb
  9965 | Swamp:2  | Noticed Aizul
  9988 | Swamp:2  | Killed Aizul
 10082 | Swamp:2  | Noticed Donald
 10086 | Swamp:2  | Reached skill level 10 in Armour
 10098 | Swamp:2  | Killed Donald
 10181 | Swamp:3  | Reached skill level 10 in Shields
 10275 | Swamp:3  | Reached skill level 14 in Invocations
 10289 | Swamp:4  | Entered Level 4 of the Swamp
 10401 | Swamp:4  | Gained mutation: You resist negative energy. (rN+) [Deep
                  | Dwarf growth]
 10401 | Swamp:4  | Reached XP level 14. HP: 102/122 MP: 14/14
 10531 | Swamp:4  | Got a decaying rune of Zot
 10594 | Swamp:4  | Reached skill level 15 in Invocations
 10790 | Spider:1 | Entered Level 1 of the Spider Nest
 11002 | Spider:4 | Entered Level 4 of the Spider Nest
 11012 | Spider:4 | Noticed an entropy weaver
 11023 | Spider:4 | Killed an entropy weaver
 11269 | Spider:4 | Noticed an emperor scorpion
 11270 | Spider:4 | Noticed an emperor scorpion
 11279 | Spider:4 | Killed an emperor scorpion
 11294 | Spider:4 | Killed an emperor scorpion
 11328 | Spider:4 | Noticed an entropy weaver
 11329 | Spider:4 | Noticed an emperor scorpion
 11333 | Spider:4 | Noticed an emperor scorpion
 11334 | Spider:4 | Noticed an emperor scorpion
 11347 | Spider:4 | Killed an entropy weaver
 11357 | Spider:4 | Killed a ghost moth
 11361 | Spider:4 | Killed an emperor scorpion
 11361 | Spider:4 | Reached XP level 15. HP: 131/131 MP: 0/15
 11371 | Spider:4 | Killed a ghost moth
 11389 | Spider:4 | Reached skill level 16 in Invocations
 11429 | Spider:4 | Killed a ghost moth
 11442 | Spider:4 | Killed a ghost moth
 11456 | Spider:4 | Got a gossamer rune of Zot
 11497 | Spider:4 | Reached skill level 15 in Axes
 11834 | D:13     | Found a frozen archway.
 11846 | IceCv    | Entered an ice cave
 12069 | D:13     | Noticed Maurice
 12082 | D:13     | Killed Maurice
 12144 | D:13     | Identified the ring "Purung" {*Drain rPois rC+++ rN+
                  | Slay+5} (You acquired it on level 13 of the Dungeon)
 12446 | D:13     | Found a hazy altar of Hepliaklqana.
 12477 | D:13     | Found a gate to the Vaults.
 12487 | Vaults:1 | Entered Level 1 of the Vaults
 12518 | Vaults:3 | Noticed a vault warden
 12537 | Vaults:3 | Killed a vault warden
 12573 | Vaults:3 | Reached skill level 17 in Invocations
 12586 | Vaults:3 | Reached XP level 16. HP: 142/142 MP: 17/17
 12659 | Vaults:3 | Identified the +10 executioner's axe "Paufuci" {protect,
                  | rPois Dex+2} (You acquired it on level 3 of the Vaults)
 12659 | Vaults:3 | Identified the amulet "Qaaveng" {Gourm Dex+4} (You acquired
                  | it on level 3 of the Vaults)
 12698 | Vaults:4 | Reached skill level 18 in Invocations
 13052 | Vaults:4 | Reached XP level 17. HP: 125/151 MP: 19/19
 13106 | Vaults:5 | Entered Level 5 of the Vaults
 13330 | Vaults:5 | Reached skill level 19 in Invocations
 13335 | Vaults:5 | Reached skill level 15 in Fighting
 13415 | Vaults:5 | Identified the cursed +1 steam dragon scales of the Bells
                  | {rPois rC++ rCorr Str-5}
 13532 | Vaults:5 | Noticed a titan
 13543 | Vaults:5 | Slain by a titan

Levels and vault maps discovered:
D:1:      psy_arrival_heroes, layout_basic
D:2:      layout_basic, nrook_loot_triangle
D:3:      layout_basic, gammafunk_temple_overflow_elements,
          lexackson_kobold_supper, uniq_terence
D:4:      layout_loops_cross, first_ration, serial_shops, nicolae_shop_trees,
          kennysheep_generic_room_12, uniq_robin
D:5:      layout_loops_ring, gammafunk_ghost_grave, minmay_misc_feat_room,
          bloody_makhleb
D:6:      layout_cave_pods, temple_fountains
D:7:      kennysheep_windowed_halls, layout_cave_pools,
          lemuel_mausoleum_altar_kikubaaqudgha, the_bakery
D:8:      old_forge, layout_basic, nicolae_overflow_crystal_walls,
          serial_park_tiny_2
D:9:      layout_basic, lemuel_doored_altar, old_standard_altar, uniq_psyche
D:10:     layout_grid_maze, zombieorc2_lemuel
D:11:     layout_roguey, grunt_lair_entry_orc_guard_hut, enter_bailey_3,
          minmay_rotating_lava
D:12:     lemuel_castle_with_subvaults [lemuel_castle_interior_carwin_2],
          layout_irregular_city
D:13:     layout_basic, david_vaults_1, basic_altar,
          portal_ice_cave_entry_pillars_1, uniq_maurice
Lair:1:   layout_cave_pods
Lair:2:   layout_regular_city, nzn_random_ring, lemuel_fruit_tree
Lair:3:   layout_cave_pods, nicolae_spider_entry_non_spiders, uniq_snorg,
          uniq_fannar
Lair:4:   layout_regular_city, minmay_swamp_entry_worms
Swamp:1:  layout_falls_marsh, hangedman_swamp_ruin_wall
Swamp:2:  layout_basic_swamp, infiniplex_staircase_pool_2, swamp_pool1,
          hangedman_swamp_blocks, uniq_louise, uniq_donald, uniq_aizul,
          uniq_nikola
Swamp:3:  cheibrodos_swamp_heart_of_darkness, layout_basic_swamp,
          evilmike_swamp_ruin_house_3
Swamp:4:  swamp_fiery, layout_basic_swamp, swamp_pool4,
          nicolae_swamp_alligator_family, uniq_roxanne
Spider:1: layout_spider_delve
Spider:2: layout_spider_delve, drop_trap, uniq_frances
Spider:3: layout_spider_delve
Spider:4: grunt_spider_rune_circles, hangedman_spider_tarantella_strand
Vaults:1: v_misc_19, grunt_vaults_funnel, v_misc_10, hangedman_vaults_slither,
          hangedman_vaults_stitches, nicolae_vaults_little_squares_4, v_misc_33,
          layout_vaults_maze_snakey, serial_shops, shop
Vaults:2: hangedman_vaults_snaps, nicolae_vaults_yaktaur_gun_rack, v_misc_30,
          ontoclasm_vaults_loading_screen, v_misc_10,
          minmay_crypt_entry_necro_gods, v_misc_8,
          vaults_mumra_minichess_inversion, vaults_room_fours, v_misc_22,
          nicolae_vaults_little_squares_2, layout_vaults_omnicross
Vaults:3: v_misc_17, nicolae_vaults_angled_halls,
          nicolae_vaults_stairing_the_circle, nicolae_vaults_network_s,
          ontoclasm_vaults_decontamination,
          vaults_standard_mumra_enter_the_diamond, hangedman_vaults_hat,
          vaults_mumra_hex, ontoclasm_vaults_eye, layout_vaults_omnigrid
Vaults:4: nicolae_vaults_holding_cells, v_rooms_5, ontoclasm_vaults_ring_large,
          grunt_vaults_swirl, hangedman_vaults_variations,
          hangedman_vaults_river_flow, grunt_vaults_trifunnel,
          vaults_dpeg_cross, nicolae_vaults_network_quinsquares
          [nicolae_vaults_network_quincunx_subvault,
          nicolae_vaults_network_quincunx_subvault,
          nicolae_vaults_network_quincunx_subvault,
          nicolae_vaults_network_quincunx_subvault], vaults_dpeg_encased_lava,
          vaults_dpeg_hooks, ontoclasm_vaults_twist, layout_vaults_ring
Vaults:5

Skill      XL: |  1  2  3  4  5  6  7  8  9 10 11 12 13 14 15 16 17 |
---------------+----------------------------------------------------+-----
Fighting       | 3 4 5 6 7 8 9 10 11 12 13 14 15 | 15.1
Axes           | 3 4 5 6 7 8 10 11 12 13 14 15 16 17 | 17.4
Armour         | 4 5 6 7 8 9 10 11 12 13 | 13.2
Shields        | 4 5 6 7 8 9 10 11 12 13 | 13.0
Invocations    | 1 4 7 9 11 12 14 15 17 18 19 | 19.2

Action                   |  1- 3 |  4- 6 |  7- 9 | 10-12 | 13-15 | 16-18 || total
-------------------------+-------+-------+-------+-------+-------+-------++-------
Melee: War axe           |    71 |   117 |   512 |    61 |       |       ||   761
       Broad axe         |       |       |       |   586 |   782 |   332 ||  1700
Invok: Lesser Servant of |       |       |       |       |    14 |       ||    14
       Greater Servant o |       |       |       |       |     4 |     5 ||     9
 Abil: Heal Wounds       |       |     4 |     5 |    12 |    14 |     7 ||    42
Evoke: Wand              |       |       |       |       |     1 |     2 ||     3
  Use: Scroll            |       |     5 |    16 |    13 |     5 |     3 ||    42
       Potion            |       |     1 |     1 |     2 |     4 |       ||     8
 Stab: Held in net/web   |       |       |       |     1 |       |       ||     1
       Distracted        |       |       |       |       |     8 |     5 ||    13
       Confused          |       |       |       |       |     2 |       ||     2
  Eat: Chunk             |       |     1 |    16 |     7 |     6 |       ||    30
       Ration            |       |       |     6 |     8 |     3 |     2 ||    19
Armor: Scale mail        |    33 |    72 |   120 |       |       |       ||   225
       Plate armour      |       |       |   172 |   177 |       |       ||   349
       Gold dragon scale |       |       |       |   298 |   716 |   208 ||  1222
Dodge: Dodged            |    32 |    49 |   112 |   137 |   137 |    79 ||   546
Block: Kite shield       |    56 |    80 |   314 |   425 |   701 |   253 ||  1829
       Reflection        |       |       |       |       |    13 |     7 ||    20

Table legend:
 A = Non-vault XP
 B = Vault XP
 C = Vault XP percentage of total XP
 D = Non-vault monster count
 E = Vault monster count
 F = Vault count percentage of total count
                 A         B        C        D         E       F
            +---------+---------+-------+---------+---------+-------
      Total |  152469 |  115104 |  43.0 |     558 |     286 |  33.9
            +---------+---------+-------+---------+---------+-------
        D:1 |       2 |       0 |   0.0 |       1 |       0 |   0.0
        D:2 |      73 |       0 |   0.0 |      23 |       0 |   0.0
        D:3 |       1 |       9 |  90.0 |       1 |       5 |  83.3
        D:4 |     673 |      35 |   4.9 |      28 |      11 |  28.2
        D:5 |     870 |       0 |   0.0 |      25 |       0 |   0.0
        D:6 |     738 |       0 |   0.0 |      23 |       0 |   0.0
        D:7 |     983 |    1370 |  58.2 |      23 |      19 |  45.2
        D:8 |    1618 |     285 |  15.0 |      34 |       5 |  12.8
        D:9 |    1214 |     448 |  27.0 |      27 |       1 |   3.6
       D:10 |     557 |     778 |  58.3 |      14 |      36 |  72.0
       D:11 |    2983 |     647 |  17.8 |      14 |       9 |  39.1
       D:12 |    2713 |       0 |   0.0 |      30 |       0 |   0.0
       D:13 |    5186 |    3242 |  38.5 |      24 |       6 |  20.0
     Lair:1 |    1014 |       0 |   0.0 |       4 |       0 |   0.0
     Lair:2 |    2805 |    3620 |  56.3 |      10 |      10 |  50.0
     Lair:3 |    4285 |    2733 |  38.9 |      15 |      10 |  40.0
     Lair:4 |    5334 |     755 |  12.4 |      17 |       3 |  15.0
    Swamp:1 |    8535 |       0 |   0.0 |      32 |       0 |   0.0
    Swamp:2 |    6954 |    2683 |  27.8 |      16 |       2 |  11.1
    Swamp:3 |    4234 |       0 |   0.0 |      15 |       0 |   0.0
    Swamp:4 |    9857 |   12401 |  55.7 |      39 |      27 |  40.9
   Spider:1 |    1883 |       0 |   0.0 |       8 |       0 |   0.0
   Spider:2 |    2415 |       0 |   0.0 |      10 |       0 |   0.0
   Spider:3 |     586 |       0 |   0.0 |       1 |       0 |   0.0
   Spider:4 |    9248 |   21101 |  69.5 |      28 |      37 |  56.9
   Vaults:1 |     196 |       0 |   0.0 |       1 |       0 |   0.0
   Vaults:2 |     583 |       0 |   0.0 |       1 |       0 |   0.0
   Vaults:3 |   45558 |    5982 |  11.6 |      54 |      18 |  25.0
   Vaults:4 |   20744 |   17692 |  46.0 |      24 |      23 |  48.9
   Vaults:5 |   10627 |   37604 |  78.0 |      16 |      37 |  69.8
     Bailey |       0 |     570 | 100.0 |       0 |      16 | 100.0
      IceCv |       0 |    3149 | 100.0 |       0 |      11 | 100.0
            +---------+---------+-------+---------+---------+-------
